 Dungeon Crawl Stone Soup version 0.29-a0-541-gaf1fc19f1b (webtiles) character file.

Game seed: 9443950538461835204

35750 happo123 the Covert (level 14, -12/69 (84) HPs)
             Began as a Kobold Enchanter on June 3, 2022.
             Was a High Priest of Wu Jian.
             Mangled by Rupert
             ... wielding a +2 executioner's axe of draining
              (20 damage)
             ... on level 3 of the Lair of Beasts.
             The game lasted 01:19:28 (15749 turns).

happo123 the Covert (Kobold Enchanter)             Turns: 15749, Time: 01:19:29

HP:   -12/69 (84)   AC: 12    Str:  6    XL:     14   Next: 20%
MP:   23/26         EV: 24    Int: 20    God:    Wu Jian [*****.]
Gold: 830           SH:  0    Dex: 16    Spells: 7/30 levels left

rFire   + . .      SeeInvis .   n - +4 short sword (vorpal)
rCold   + + .      Faith    .   (no shield)
rNeg    . . .      Spirit   .   K - +2 robe {rC+ rF+}
rPois   .          Reflect  .   X - +0 helmet
rElec   .          Harm     .   h - scarf {+Inv}
rCorr   .          Rampage  .   P - +2 pair of gloves
Will    +....                   s - +2 pair of boots
Stlth   ++++++....              B - amulet of regeneration
HPRegen 1.01/turn               u - +4 ring of evasion
MPRegen 0.20/turn               Q - ring of wizardry

@: heavily drained
A: small, no large weapons, nightstalker 3, talons 1, cold resistance 1, shaggy
fur 1, noise suppression
a: Renounce Religion, Evoke Invisibility, Wall Jump, Serpent's Lash, Heavenly
Storm


You were on level 3 of the Lair of Beasts.
You worshipped Wu Jian.
Wu Jian was extremely pleased with you.
You visited 3 branches of the dungeon, and saw 16 of its levels.

You collected 830 gold pieces.

Inventory:

Hand Weapons
 a - a +1 dagger
 n - a +4 vorpal short sword (weapon)
Armour
 b - a +0 robe
 h - a scarf of invisibility (worn)
 s - a +2 pair of boots (worn)
 K - a +2 robe of resistance (worn)
 L - a +1 leather armour of willpower
 P - a +2 pair of gloves (worn)
 X - a +0 helmet (worn)
Magical Staves
 H - a staff of air
Jewellery
 c - a +6 ring of intelligence
 j - an amulet of faith
 u - a +4 ring of evasion (left hand)
 z - a ring of poison resistance
 B - an amulet of regeneration (around neck)
 Q - a ring of wizardry (right hand)
 S - a +6 ring of strength
 U - a ring of resist corrosion
Wands
 y - a wand of flame (43)
 E - a wand of iceblast (15)
 J - a wand of acid (7)
 V - a wand of paralysis (3)
Scrolls
 d - 3 scrolls of poison
 g - 7 scrolls of teleportation
 o - 2 scrolls of noise
 q - 3 scrolls of immolation
 r - 2 scrolls of torment
 t - a scroll of acquirement {unknown}
 v - 3 scrolls of fog
 x - 3 scrolls of magic mapping
 F - a scroll of silence {unknown}
 G - a scroll of enchant armour
 M - 6 scrolls of amnesia
 O - 3 scrolls of blinking
 R - 3 scrolls of vulnerability
 T - a scroll of summoning {unknown}
 W - a scroll of enchant weapon {unknown}
Potions
 e - 6 potions of flight
 f - a potion of lignification {unknown}
 i - a potion of resistance
 k - 5 potions of mutation
 l - 2 potions of might {unknown}
 m - a potion of attraction {unknown}
 p - 2 potions of degeneration {unknown}
 w - 3 potions of curing {unknown}
 A - 2 potions of brilliance {unknown}
 C - a potion of haste {unknown}
 D - a potion of cancellation {unknown}
 I - 3 potions of ambrosia {unknown}
 N - 5 potions of heal wounds
 Y - a potion of berserk rage {unknown}


   Skills:
 + Level 8.8 Fighting
 + Level 10.5 Short Blades
 + Level 10.1 Dodging
 + Level 12.3 Stealth
 + Level 8.5 Spellcasting
 * Level 12.1 Hexes
 + Level 7.3 Ice Magic
 + Level 4.6 Earth Magic
 + Level 4.9 Evocations


You had 7 spell levels left.
You knew the following spells:

 Your Spells              Type           Power      Damage    Failure   Level
a - Ensorcelled Hibernat  Hex/Ice        94%        N/A       1%          2
b - Confusing Touch       Hex            54%        N/A       1%          3
c - Tukima's Dance        Hex            54%        N/A       1%          3
d - Dazzling Flash        Conj/Hex       64%        N/A       1%          3
e - Ozocubu's Armour      Ice            38%        N/A       1%          3
f - Metabolic Englaciati  Hex/Ice        23%        N/A       1%          5
g - Leda's Liquefaction   Hex/Erth       21%        N/A       1%          4

Your spell library contained the following spells:

 Spells                   Type           Power      Damage    Failure   Level
 Apportation              Tloc           16%        N/A       3%          1
 Necrotize                Necr           32%        1d5       3%          1
 Summon Small Mammal      Summ           32%        N/A       3%          1
 Sublimation of Blood     Necr           8%         N/A       4%          2
 Wereblood                Tmut           8%         N/A       4%          2
 Stone Arrow              Conj/Erth      34%        3d9       4%          3
 Animate Armour           Summ/Erth      34%        N/A       12%         4
 Lee's Rapid Deconstruct  Erth           13%        3d10*     13%         5
 Simulacrum               Ice/Necr       11%        N/A       69%         6
 Statue Form              Tmut/Erth      11%        N/A       86%         6
 Summon Hydra             Summ           4%         N/A       100%        7
 Lehudib's Crystal Spear  Conj/Erth      8%         10d4      100%        8


Dungeon Overview and Level Annotations

Branches:
Dungeon (9/15)             Temple (1/1) D:6            Lair (6/6) D:9
  Swamp (0/4) Lair:3        Snake (0/4) Lair:4
  Slime: Lair:5-6       Orc: D:9-12

Altars:
Ashenzari
Cheibriados
Dithmenos
Elyvilon
Fedhas
Gozag
Hepliaklqana
Kikubaaqudgha
Makhleb
Nemelex Xobeh
Okawaru
Qazlal
Ru
Sif Muna
Trog
Uskayaw
Vehumet
Wu Jian
Xom
Yredelemnul
Zin
The Shining One

Shops:
D:9 (

Annotations:
Lair:3 Rupert


Innate Abilities, Weirdness & Mutations

You are small and have problems with some larger weapons.
You are completely attuned to the shadows.
You have sharp toenails.
Your flesh is cold resistant. (rC+)
You are covered in fur. (AC +1)
You passively dampen the noise of your surroundings.


Message History

Rupert asks, "You're a monster, aren't you?"
The elephant tramples you but does no damage.
The elephant completely misses you. Rupert completely misses you.
You climb upwards.
There is a stone staircase leading down, spattered with blood here.
Casting: Ensorcelled Hibernation (safe; 1% risk of failure)
Confirm with . or Enter, or press ? or * to list all spells.
Casting: Metabolic Englaciation (dangerous; 1% risk of failure)
Press: ? - help, Dir - look around, f - activate You radiate an aura of cold.
The elephant seems to slow down.
Rupert seems to slow down.
Rupert yells loudly at you.
You are confused.
The elephant closely misses you. x2
You're too confused to cast spells.
You hit the elephant but do no damage. Rupert yells loudly at you.
You suddenly lose the ability to move!
The elephant tramples you but does no damage.
The elephant trunk-slaps you but does no damage.
Rupert is no longer moving slowly.
The elephant is no longer moving slowly.
Rupert hits you with a +2 executioner's axe of draining!!
You feel drained. The elephant tramples you.
You are shoved backwards!
The elephant tramples you.
You are shoved backwards!
You can move again.
The elephant attacks as you move away! The elephant closely misses you.
The elephant trunk-slaps you but does no damage.
You barely miss the elephant.
You punch the elephant, but do no damage.
Rupert roars madly and goes into a rage!
Rupert goes berserk!
You hit the elephant but do no damage. The elephant completely misses you. x2
You feel less confused.
You hit the elephant but do no damage.
Rupert hits you with a +2 executioner's axe of draining!!!
Ouch! That really hurt!
* * * LOW HITPOINT WARNING * * *
You feel drained.
You die...

♣♣..♣♣ #.........# ##..#
....♣ ##.........# ##..#
....# #..........# #..##
....###.....(....# ##.#
.....###.........## #.##
.......#..........## #..#
≈≈≈..÷.#...........###.##
≈≈≈≈..##..<...........(#
.≈≈...#.........@......#
......##........@Y.....#
.....###...............#
....###....#P..........#
...####P...####..^..÷>.#
...#.###..######....)..#
...........#.#.#..P....#
....P#P####......P..####
##.##### #.......###


You could see Rupert (berserk) and an elephant.

Vanquished Creatures
  5 hydras
  A catoblepas (Lair:3)
  A two-headed ogre (D:9)
  A boulder beetle (Lair:6)
  Urug (Lair:3)
  Sonja (Lair:3)
  3 black mambas (Lair:4)
  7 elephants
  20 cane toads
  3 rime drakes
  13 komodo dragons
  6 polar bears
  A troll (D:9)
  Grinder (D:6)
  2 hornets
  13 blink frogs
  A dream sheep (Lair:3)
  4 wyverns
  23 yaks
  Eustachio (D:4)
  3 steam dragons
  2 basilisks
  3 swamp worms (Lair:3)
  17 water moccasins
  An acid dragon (D:8)
  3 nagas
  2 sky beasts
  11 black bears
  2 ice beasts (D:7)
  4 ogres
  3 centaurs
  3 wolves (D:9)
  12 bullfrogs
  A kobold brigand (D:7)
  4 necrophages
  3 scorpions
  3 wights (D:6)
  3 electric eels
  5 howler monkeys
  6 hounds
  A gnoll shaman (D:6)
  4 orc priests
  3 iguanas
  8 orc wizards
  4 hell rats (Lair:3)
  12 gnolls
  5 adders
  2 shadow imps
  A white imp (D:6)
  3 dart slugs
  A worm (D:4)
  25 orcs
  9 ball pythons
  7 endoplasms
  3 giant cockroaches (D:4)
  10 goblins
  9 hobgoblins
  4 jackals
  10 kobolds
  A quokka (D:2)
  2 bats
  3 frilled lizards
  6 rats
332 creatures vanquished.

Vanquished Creatures (collateral kills)
  A naga (Lair:4)
  2 wights (D:6)
3 creatures vanquished.

Vanquished Creatures (others)
  A bullfrog (Lair:3)
  12 fungi
  16 plants
29 creatures vanquished.

Grand Total: 364 creatures vanquished

Notes
Turn   | Place    | Note
-------+----------+-------------------------------------------
     0 | D:1      | happo123 the Kobold Enchanter began the quest for the Orb.
     0 | D:1      | Reached XP level 1. HP: 10/10 MP: 3/3
   176 | D:1      | Reached XP level 2. HP: 16/16 MP: 5/5
   179 | D:1      | Learned a level 2 spell: Ensorcelled Hibernation
   193 | D:1      | Found a faded altar of an unknown god.
  1224 | D:2      | Reached XP level 3. HP: 20/20 MP: 6/6
  1550 | D:2      | Reached skill level 1 in Fighting
  2241 | D:3      | Reached XP level 4. HP: 25/25 MP: 4/7
  2245 | D:3      | Learned a level 3 spell: Confusing Touch
  2276 | D:3      | Found a shimmering blue altar of Sif Muna.
  2280 | D:3      | Noticed a water moccasin
  2289 | D:3      | Killed a water moccasin
  2290 | D:3      | Reached XP level 5. HP: 14/30 MP: 4/9
  2294 | D:3      | Learned a level 3 spell: Tukima's Dance
  2623 | D:3      | Reached skill level 5 in Stealth
  2650 | D:3      | Reached XP level 6. HP: 31/35 MP: 4/10
  2746 | D:3      | Found a large runed translucent door.
  2747 | D:3      | Found a large runed translucent door.
  2755 | D:3      | Found an opulent altar of Gozag.
  2766 | D:3      | Found a shimmering altar of Xom.
  4061 | D:4      | Reached skill level 1 in Ice Magic
  4106 | D:4      | Reached XP level 7. HP: 40/40 MP: 7/11
  4709 | D:4      | Reached skill level 5 in Hexes
  5023 | D:4      | Noticed Eustachio
  5061 | D:4      | Killed Eustachio
  5062 | D:4      | Reached XP level 8. HP: 38/45 MP: 10/13
  5406 | D:5      | Entered Level 5 of the Dungeon
  6035 | D:6      | Reached skill level 5 in Dodging
  6057 | D:6      | Reached XP level 9. HP: 46/52 MP: 5/15
  6069 | D:6      | Learned a level 3 spell: Dazzling Flash
  6155 | D:6      | Reached skill level 5 in Short Blades
  6266 | D:6      | Found a staircase to the Ecumenical Temple.
  6285 | Temple   | Entered the Ecumenical Temple
  6323 | Temple   | Became a worshipper of the Wu Jian Council
  6728 | D:6      | Noticed Grinder
  6731 | D:6      | Killed Grinder
  7059 | D:7      | Learned a level 3 spell: Ozocubu's Armour
  7389 | D:7      | Reached skill level 5 in Spellcasting
  7479 | D:7      | Reached XP level 10. HP: 54/58 MP: 7/17
  7483 | D:7      | Reached * piety under Wu Jian
  7946 | D:7      | Reached skill level 5 in Fighting
  9218 | D:8      | Gained mutation: You passively dampen the noise of your
                  | surroundings. [potion of mutation]
  9218 | D:8      | Gained mutation: You are covered in fur. (AC +1) [potion of
                  | mutation]
  9218 | D:8      | Gained mutation: You have sharp toenails. [potion of
                  | mutation]
  9218 | D:8      | Gained mutation: Your flesh is cold resistant. (rC+)
                  | [potion of mutation]
  9478 | D:9      | Found Vewn's Antique Weapon Shoppe.
  9694 | D:9      | Learned a level 5 spell: Metabolic Englaciation
  9742 | D:9      | Noticed a two-headed ogre
  9759 | D:9      | Killed a two-headed ogre
  9760 | D:9      | Reached XP level 11. HP: 64/64 MP: 15/20
  9796 | D:9      | Found a snail-covered altar of Cheibriados.
 10151 | D:9      | Found a staircase to the Lair.
 10282 | Lair:1   | Entered Level 1 of the Lair of Beasts
 10311 | Lair:1   | Reached skill level 5 in Ice Magic
 10346 | Lair:1   | Noticed an eight-headed hydra
 10384 | Lair:1   | HP: 1/64 [eight-headed hydra (13)]
 10384 | Lair:1   | Killed an eight-headed hydra
 10562 | Lair:1   | Reached ** piety under Wu Jian
 10666 | Lair:1   | Noticed a four-headed hydra
 10682 | Lair:1   | Killed a four-headed hydra
 10982 | Lair:1   | Reached skill level 10 in Stealth
 11594 | Lair:1   | Reached XP level 12. HP: 71/71 MP: 19/22
 11600 | Lair:1   | Learned a level 4 spell: Leda's Liquefaction
 11688 | Lair:2   | Reached skill level 10 in Hexes
 11998 | Lair:2   | Reached skill level 1 in Earth Magic
 12144 | Lair:2   | Noticed a seven-headed hydra
 12156 | Lair:2   | Killed a seven-headed hydra
 12317 | Lair:2   | HP: 1/72 [komodo dragon (21)]
 12430 | Lair:2   | Reached *** piety under Wu Jian
 13028 | Lair:3   | Reached skill level 1 in Evocations
 13226 | Lair:3   | Reached XP level 13. HP: 78/78 MP: 24/24
 13314 | Lair:3   | Noticed a catoblepas
 13526 | Lair:3   | Noticed Sonja
 13641 | Lair:3   | Reached **** piety under Wu Jian
 13653 | Lair:3   | Noticed a six-headed hydra
 13653 | Lair:3   | Noticed an eight-headed hydra
 13789 | Lair:3   | Identified the +1 ring mail of the Salmon {rF+++ rC- rN+
                  | Stlth+}
 13878 | Lair:3   | Noticed Urug
 13880 | Lair:3   | Killed Urug
 13952 | Lair:3   | Killed a catoblepas
 14074 | Lair:3   | Killed Sonja
 14077 | Lair:3   | Reached skill level 10 in Short Blades
 14222 | Lair:3   | Killed a six-headed hydra
 14249 | Lair:3   | Killed an eight-headed hydra
 14316 | Lair:3   | Found a staircase to the Swamp.
 14418 | Lair:4   | Found a staircase to the Snake Pit.
 14616 | Lair:4   | You fall into a shaft and drop 2 floors!
 14616 | Lair:6   | Entered Level 6 of the Lair of Beasts
 14689 | Lair:6   | Noticed a boulder beetle
 14754 | Lair:6   | Killed a boulder beetle
 14902 | Lair:6   | Reached ***** piety under Wu Jian
 14997 | Lair:5   | Reached skill level 10 in Dodging
 15003 | Lair:5   | Reached XP level 14. HP: 84/84 MP: 26/26
 15588 | Lair:4   | Noticed Rupert
 15606 | Lair:4   | Paralysed by Rupert for 2 turns
 15741 | Lair:3   | Paralysed by Rupert for 4 turns
 15749 | Lair:3   | Mangled by Rupert

Illustrated notes

Levels and vault maps discovered:
D:1:      minmay_arrival_open_corners, layout_basic,
          chequers_ecumenical_altar_simple, chequers_big_river
D:2:      minmay_spotlight, layout_basic, minmay_tetromino_i2
D:3:      layout_basic, nicolae_overflow_hidden_temple, jmf_multi_god_temple2,
          minmay_misc_feat_four_crosses
D:4:      black_bear_nest_2, layout_basic, uniq_eustachio
D:5:      layout_rooms
D:6:      layout_basic, minmay_temple_entry_mist, minivault_26,
          chequers_hall_statues_corner_a, uniq_grinder
D:7:      layout_rooms
D:8:      layout_basic
D:9:      layout_irregular_city, kennysheep_slug_shrine, erik_lair_island,
          serial_shops, shop
Temple:   nicolae_temple_no_exploring_needed
Lair:1:   layout_gridlike, grunt_megastairs_4, lemuel_fruit_tree,
          serial_bayou_shore_a, infiniplex_staircase_pool_2
Lair:2:   beast_lair_carwin_large_2, layout_loops_ring, minmay_shattered_shrine
Lair:3:   nzn_winding_woodlands_medium [nzn_winding_woodlands_hourglass,
          nzn_winding_woodlands_5x15_concentric,
          nzn_winding_woodlands_5x5_perimeter,
          nzn_winding_woodlands_5x5_default,
          nzn_winding_woodlands_center_pierced_h,
          nzn_winding_woodlands_5x5_cross, nzn_winding_woodlands_5x5_open_star,
          nzn_winding_woodlands_5x15_eye, nzn_winding_woodlands_5x5_three],
          layout_small_grid, palyth_hydra_swamp_entry, roderic_carrion_pond,
          uniq_sonja, uniq_urug
Lair:4:   dreamdust_labyrinth, layout_cave_shapes, guppyfry_snake_entry_island,
          gauntlet_entry_generic, gammafunk_lair_bear_cave, uniq_rupert
Lair:5:   layout_gridlike, slime_altar_2, basic_altar,
          nicolae_quartered_pool_impasse, grunt_megastairs_3
Lair:6:   due_jungle_book, layout_cave_shapes, chequers_serial_rivers_small_b,
          patterned_corridor, grunt_megastairs_2, uniq_kirke, uniq_snorg

Skill      XL: |  1  2  3  4  5  6  7  8  9 10 11 12 13 14 |
---------------+-------------------------------------------+-----
Fighting       | 1 2 3 4 5 6 7 8 |  8.8
Short Blades   | 2 3 4 5 7 8 9 10 | 10.5
Dodging        | 3 4 5 6 7 8 9 10 | 10.1
Hexes          | 4 5 6 7 8 9 10 11 12 | 12.1
Stealth        | 5 6 7 9 10 11 12 | 12.3
Spellcasting   | 3 4 5 6 7 8 |  8.5
Ice Magic      | 1 2 3 4 5 6 7 |  7.3
Earth Magic    | 2 4 |  4.6
Evocations     | 2 4 |  4.9

Action                   |  1- 3 |  4- 6 |  7- 9 | 10-12 | 13-15 || total
-------------------------+-------+-------+-------+-------+-------++-------
Melee: Dagger            |    32 |       |       |       |       ||    32
       Short sword       |    41 |    59 |   203 |   251 |   295 ||   849
       Punch             |     1 |       |     2 |     1 |     7 ||    11
 Cast: Ensorcelled Hiber |    19 |     9 |    46 |    67 |    79 ||   220
       Confusing Touch   |       |     4 |    16 |    13 |    11 ||    44
       Tukima's Dance    |       |       |     3 |       |     2 ||     5
       Ozocubu's Armour  |       |       |       |     3 |     3 ||     6
       Leda's Liquefacti |       |       |       |     1 |     4 ||     5
       Metabolic Englaci |       |       |       |       |     3 ||     3
       Dazzling Flash    |       |       |       |       |     1 ||     1
Invok: Lunge             |       |       |    14 |    46 |    26 ||    86
       Whirlwind         |       |       |       |    10 |     9 ||    19
       Serpent's Lash    |       |       |       |       |     1 ||     1
Evoke: Wand              |       |       |       |     1 |     7 ||     8
  Use: Scroll            |       |     4 |     2 |     7 |     7 ||    20
       Potion            |       |     1 |       |     2 |     1 ||     4
 Stab: Sleeping          |    21 |    16 |    50 |    88 |    67 ||   242
       Invisible         |       |     2 |       |       |       ||     2
       Confused          |       |     1 |    10 |    16 |     7 ||    34
       Distracted        |       |       |     2 |     2 |       ||     4
       Petrifying        |       |       |       |       |     1 ||     1
Armor: Robe              |     6 |     7 |    29 |    43 |    68 ||   153
Dodge: Dodged            |    46 |    30 |   119 |   169 |   276 ||   640

Table legend: (Time is in decaauts)
 A = Elapsed time spent in this place.
 B = Non-inter-level travel time spent in this place.
 C = Inter-level travel time spent in this place.
 D = Time resting spent in this place.
 E = Time spent auto-exploring this place.
 F = Levels seen in this place.
 G = Mean time per level.
                   A        B        C        D        E       F      G
               +--------+--------+--------+--------+--------+-----+--------+
         Total |  15643 |  12975 |   2668 |   1043 |   8945 |  16 |  977.7 |
       Dungeon |  10211 |   9445 |    766 |    162 |   7775 |   9 | 1134.6 |
        Temple |     45 |     30 |     15 |      0 |     13 |   1 |   45.0 |
          Lair |   5385 |   3498 |   1887 |    881 |   1157 |   6 |  897.5 |
               +--------+--------+--------+--------+--------+-----+--------+

Top non-repeatable levels by time:
     D:3: 1727 daAuts
  Lair:3: 1509 daAuts
     D:4: 1489 daAuts
  Lair:1: 1372 daAuts
  Lair:2: 1364 daAuts
     D:8: 1132 daAuts
     D:2: 1103 daAuts
     D:1: 1089 daAuts
     D:6: 1060 daAuts
     D:9: 1011 daAuts
     D:7: 990 daAuts
  Lair:4: 795 daAuts
     D:5: 607 daAuts
  Lair:6: 323 daAuts
  Temple: 45 daAuts
